 Dungeon Crawl Stone Soup version 0.30-a0-953-g5f1da4a474 (webtiles) character file.

Game seed: 6556713866492852582

331 BlueFish the Sneak (level 6, -3/61 HPs)
             Began as an Octopode Warper on Mar 28, 2023.
             Killed from afar by an orc wizard (9 damage)
             ... with a magic dart
             ... on level 4 of the Dungeon.
             The game lasted 00:06:26 (3474 turns).

BlueFish the Sneak (Octopode Warper)                Turns: 3474, Time: 00:06:26

Health: -3/61      AC: 23    Str: 11 (12) XL:     6   Next: 52%
Magic:  10/10      EV:  2    Int: 13 (15) God:
Gold:   83         SH:  0    Dex: 16 (18) Spells: 3/10 levels left

rFire   . . .      SeeInvis .    e - +0 whip
rCold   . . .      Faith    .    (no shield)
rNeg    . . .      Spirit   .    (helmet currently unavailable)
rPois   +          Reflect  .    (no amulet)
rElec   .          Rampage  .    u - +6 ring of dexterity
rCorr   .          NoTele   +    (no ring)
Will    .....                    (no ring)
Stlth   +++                      (no ring)
HPRegen 0.30/turn                (no ring)
MPRegen 0.12/turn                (no ring)
                                 (no ring)
                                 (no ring)

@: tree-form, attractive
A: stationary, stasis, torment immunity, boosted hp, almost no armour,
(amphibious), 8 rings, (camouflage 1), (gelatinous body 1), (nimble swimmer 1),
(tentacles)
a: no special abilities


You were on level 4 of the Dungeon.
You were a tree.
You visited 1 branch of the dungeon, and saw 4 of its levels.

You collected 83 gold pieces.

Inventory:

Hand Weapons
 e - a +0 whip (weapon)
 l - a +0 flail
Missiles
 b - 8 boomerangs of dispersal (quivered)
 c - 49 stones
 o - 9 poisoned darts
 p - 5 javelins
 s - 5 boomerangs
Jewellery
 u - a +6 ring of dexterity (left branch)
Scrolls
 g - a scroll of fog {unknown}
 i - a scroll of noise {unknown}
 j - a scroll of vulnerability {unknown}
 k - 2 scrolls of identify
 r - a scroll of enchant armour
 t - a scroll of amnesia
Potions
 h - 3 potions of haste
 n - a potion of lignification
 q - a potion of degeneration


   Skills:
 + Level 2.9 Fighting
 + Level 1.3 Maces & Flails
 + Level 2.1 Throwing
 + Level 3.2 Dodging
 * Level 4.4 Stealth
 - Level 2.2 Unarmed Combat
 + Level 2.8 Spellcasting
 + Level 3.8 Translocations


You had 3 spell levels left.
You knew the following spells:

 Your Spells              Type           Power      Damage    Failure   Level
a - Blink                 Tloc           22%        N/A       8%          2
b - Lesser Beckoning      Tloc           22%        N/A       8%          2
c - Teleport Other        Tloc           11%        N/A       14%         3

Your spell library contained the following spells:

 Spells                   Type           Power      Damage    Failure   Level
 Vhi's Electric Charge    Tloc/Air       12%        N/A       32%         3
 Static Discharge         Conj/Air       2%         2-3/arc   34%         2
 Manifold Assault         Tloc           11%        N/A       43%         4
 Summon Ice Beast         Ice/Summ       1%         N/A       93%         4
 Arcjolt                  Conj/Air       0%         1d10      100%        5
 Plasma Beam              Fire/Air       0%         2x1d7     100%        5
 Summon Mana Viper        Hex/Summ       1%         N/A       100%        5
 Monstrous Menagerie      Summ           0%         N/A       100%        7


Dungeon Overview and Level Annotations

Branches:
Dungeon (4/15)
 Temple: D:4-7

Altars:
Ru

Annotations:
D:4 Sigmund


Innate Abilities, Weirdness & Mutations

You are a tree.
Your roots penetrate the ground, keeping you stationary.
You cannot be teleported.
You are immune to unholy pain and torment.
Your maximum health is greatly increased.
You cannot wear most types of armour.
((You are amphibious.))
You can wear up to eight rings at the same time.
((Your skin changes colour to match your surroundings (Stealth+).))
((Your rubbery body absorbs attacks. (AC +1, EV +1)))
((You are camouflaged when in or above water. (Stealth+)))
((You have tentacles for arms and can constrict up to eight enemies at once.))


Message History

You barely miss something. Something hits you but does no damage.
You hit something but do no damage. Something hits you.
* * * LOW HITPOINT WARNING * * *
You barely miss something. Something hits you but does no damage.
You hit something. Something hits you but does no damage.
You hit something but do no damage.
You hear some strange, mumbled words.
You are confused.
You miss something.
You hear some strange, mumbled words.
A puff of flame appears from out of thin air!
The puff of flame hits you!
* * * LOW HITPOINT WARNING * * *
You barely miss something. Something hits you but does no damage.
You attack the rock wall.
Something hits you but does no damage.
It was a potion of flight.
Your roots keep you in place.
Something hits you but does no damage.
It was a potion of attraction.
You feel attractive to monsters.
You feel less confused. Something hits you but does no damage.
You barely miss something.
Something hits you but does no damage. x2
The orc is attracted toward you.
You closely miss something. Something hits you but does no damage.
You miss something. Something hits you.
* * * LOW HITPOINT WARNING * * *
You barely miss something.
You hear some strange, mumbled words.
You are confused.
The orc shouts!
You are too confused!
You hit something but do no damage. Something hits you but does no damage.
You miss something. Something hits you but does no damage.
You attack the rock wall.
Something hits you but does no damage.
You attack the rock wall.
Something hits you but does no damage.
You hit something but do no damage.
You feel less confused.
You hear some strange, mumbled words.
A magic dart appears from out of thin air!
The magic dart hits you!
You die...

.....#******** #.#
####.,,,,,,,,* #.#
*,*******,* #.# *,* *,*
#.# *,# *,* #.#
####.#### *,* #.#
........# *,* #.#
#.#####[*###.#########.#
#.# *,,...oBo{♣......#
#g# ***###o###########
#.#######***,*
#<.......,,,,*
#########*****


You could see 3 orcs and a giant cockroach.

Vanquished Creatures
  Crazy Yiuf (D:3)
  Terence (D:2)
  2 orc wizards
  Natasha (thrice) (D:3)
  Robin (D:2)
  3 adders
  2 gnolls (D:4)
  2 worms (D:3)
  7 dart slugs
  5 orcs (D:3)
  3 endoplasms
  A giant cockroach (D:2)
  8 goblins
  12 hobgoblins
  2 jackals (D:1)
  2 quokkas
  6 ball pythons
  5 bats
  3 frilled lizards
  6 kobolds
  5 rats
80 creatures vanquished.

Vanquished Creatures (others)
  2 fungi (D:3)
2 creatures vanquished.

Grand Total: 82 creatures vanquished

Notes
Turn   | Place    | Note
-------+----------+-------------------------------------------
     0 | D:1      | BlueFish the Octopode Warper began the quest for the Orb.
     0 | D:1      | Reached XP level 1. HP: 14/14 MP: 3/3
   101 | D:1      | Reached skill level 1 in Stealth
   101 | D:1      | Reached XP level 2. HP: 13/19 MP: 5/5
   104 | D:1      | Learned a level 2 spell: Blink
   107 | D:1      | Learned a level 2 spell: Lesser Beckoning
   296 | D:1      | Reached XP level 3. HP: 12/24 MP: 6/6
   299 | D:1      | HP: 1/24 [hobgoblin (4)]
   451 | D:1      | Reached skill level 2 in Stealth
   838 | D:2      | Identified the +5 quarterstaff "Concordance" {heavy, rF+
                  | Int+6 Stlth-}
   894 | D:2      | Noticed Terence
   909 | D:2      | Killed Terence
   910 | D:2      | Reached XP level 4. HP: 30/30 MP: 7/7
  1298 | D:2      | Noticed Robin
  1304 | D:2      | Killed Robin
  1306 | D:2      | Reached skill level 3 in Stealth
  1725 | D:3      | Found a sacrificial altar of Ru.
  1758 | D:3      | Noticed Natasha
  1767 | D:3      | Killed Natasha
  1768 | D:3      | Reached XP level 5. HP: 27/35 MP: 8/8
  1772 | D:3      | Learned a level 3 spell: Teleport Other
  1977 | D:3      | Noticed Natasha
  1990 | D:3      | Killed Natasha
  2176 | D:3      | Reached skill level 1 in Maces & Flails
  2176 | D:3      | Reached skill level 4 in Stealth
  2340 | D:3      | Noticed Natasha
  2347 | D:3      | Killed Natasha
  2348 | D:3      | Reached XP level 6. HP: 22/41 MP: 10/10
  2543 | D:3      | Found a runed translucent door.
  2544 | D:3      | Noticed Crazy Yiuf
  2877 | D:3      | Killed Crazy Yiuf
  3062 | D:4      | HP: 2/41 [gnoll/+0 flail (8)]
  3371 | D:4      | Noticed Sigmund
  3474 | D:4      | Killed from afar by an orc wizard

Illustrated notes

Levels and vault maps discovered:
D:1:      dpeg_arrival_rooms_b, layout_rooms
D:2:      layout_loops_corners, uniq_terence, uniq_robin
D:3:      layout_basic, nicolae_ru_the_path_less_chosen,
          uniq_crazy_yiuf_cottage, uniq_natasha
D:4:      layout_loops_ring, marbit_many_paths, uniq_sigmund

Skill      XL: |  1  2  3  4  5  6 |
---------------+-------------------+-----
Stealth        | 1 2 3 4 |  4.4
Dodging        | 3 |  3.2
Maces & Flails | 1 |  1.3
Throwing       | 2 |  2.1
Fighting       | |  2.9
Unarmed Combat | |  2.2
Spellcasting   | |  2.8
Translocations | |  3.8

Action                     |  1- 3 |  4- 6 || total
---------------------------+-------+-------++-------
  Melee: Whip              |    85 |   128 ||   213
         Constrict         |    24 |    26 ||    50
         Tentacles         |    24 |    33 ||    57
         Unarmed           |     4 |       ||     4
         Punch             |     1 |     2 ||     3
    Use: Scroll            |       |     6 ||     6
         Potion            |       |     4 ||     4
   Stab: Sleeping          |     7 |    12 ||    19
         Distracted        |       |     1 ||     1
 Armour: Skin              |     6 |    19 ||    25
  Dodge: Dodged            |    51 |    46 ||    97

Table legend: (Time is in decaauts)
 A = Elapsed time spent in this place.
 B = Non-inter-level travel time spent in this place.
 C = Inter-level travel time spent in this place.
 D = Time resting spent in this place.
 E = Time spent auto-exploring this place.
 F = Levels seen in this place.
 G = Mean time per level.
                   A        B        C        D        E       F      G
               +--------+--------+--------+--------+--------+-----+--------+
         Total |   3507 |   3305 |    202 |     25 |   2569 |   4 |  876.8 |
       Dungeon |   3507 |   3305 |    202 |     25 |   2569 |   4 |  876.8 |
               +--------+--------+--------+--------+--------+-----+--------+

Top non-repeatable levels by time:
     D:3: 1482 daAuts
     D:2: 913 daAuts
     D:1: 766 daAuts
     D:4: 345 daAuts
